 Dungeon Sprint DCSS version 0.30-a0-34-gbe8da3892a (webtiles) character file.

Game seed: 4358052274363288500

4962 mhtbhm the Earth Mage (level 10, -17/55 HPs)
             Began as a Gargoyle Earth Elementalist on Aug 28, 2022.
             Was a High Priest of Vehumet.
             Demolished by a tyrant leech (24 damage)
             ... in the Dungeon (Sprint III: "The Ten Rune Challenge").
             The game lasted 00:05:06 (2677 turns).

mhtbhm the Earth Mage (Gargoyle Earth Elementalist) Turns: 2677, Time: 00:05:06

Health: -17/55     AC:  9    Str: 13    XL:     10   Next: 53%
Magic:  20/28      EV: 13    Int: 19    God:    Vehumet [*****.]
Gold:   31         SH:  0    Dex: 10    Spells: 28/38 levels left

rFire   . . .      SeeInvis .    n - +3 dagger (elec)
rCold   . . .      Faith    .    (no shield)
rNeg    + . .      Spirit   .    a - +0 robe
rPois   ∞          Reflect  .    (no helmet)
rElec   +          Harm     .    (no cloak)
rCorr   .          Rampage  .    (no gloves)
Will    .....      NoTele   +    (no boots)
Stlth   +++.......               (no amulet)
HPRegen 0.18/turn                (no ring)
MPRegen 0.21/turn                (no ring)

@: no status effects
A: sickness immunity, AC +7, negative energy resistance 1, electricity
resistance, torment resistance 1, petrification resistance
a: Renounce Religion


You were in the Dungeon.
You worshipped Vehumet.
Vehumet was extremely pleased with you.
You visited 1 branch You collected 31 gold pieces.

Inventory:

Hand Weapons
 n - a +3 dagger of electrocution (weapon)
Armour
 a - a +0 robe (worn)
Wands
 d - a wand of roots (12)
 h - a wand of polymorph (7)
 p - a wand of charming (6)
Scrolls
 g - a scroll of blinking
 j - a scroll of torment
 m - a scroll of poison
Potions
 b - 3 potions of magic
 c - a potion of curing
 f - 3 potions of berserk rage
 i - 2 potions of degeneration {unknown}
 k - a potion of brilliance {unknown}
 l - 3 potions of flight
 o - 5 potions of mutation
Miscellaneous
 q - a piece from Xom's chessboard (15/15)


   Skills:
 + Level 2.9 Fighting
 + Level 5.2 Dodging
 + Level 5.6 Stealth
 + Level 14.6 Spellcasting
 + Level 4.6 Conjurations
 + Level 3.3 Transmutations
 + Level 18.8 Earth Magic
 + Level 1.3 Evocations


You had 28 spell levels left.
You knew the following spells:

 Your Spells              Type           Power      Damage    Failure   Level
a - Sandblast             Erth           100%       2d20      0%          1
b - Passwall              Tmut/Erth      45%        N/A       1%          2
c - Stone Arrow           Conj/Erth      100%       3d13      1%          3
d - Petrify               Tmut/Erth      54%        N/A       1%          4

Your spell library contained the following spells:

 Spells                   Type           Power      Damage    Failure   Level
 Iron Shot                Conj/Erth      27%        9d6       1%          6
 Ozocubu's Armour         Ice            13%        N/A       14%         3
 Ozocubu's Refrigeration  Ice            6%         4d8       100%        7


Dungeon Overview and Level Annotations

Branches:
Dungeon (1/1)

Altars:
Cheibriados
Dithmenos
Elyvilon
Fedhas
Gozag
Hepliaklqana
Kikubaaqudgha
Makhleb
Nemelex Xobeh
Okawaru
Qazlal
Ru
Sif Muna
Trog
Uskayaw
Vehumet
Wu Jian
Xom
Yredelemnul
Zin
The Shining One
Jiyva
Lugonu


Innate Abilities, Weirdness & Mutations

You are immune to sickness and miasma.
Your stone body is resilient. (AC +7)
You are immune to poison.
You resist negative energy. (rN+)
You are resistant to electric shocks. (rElec)
You are resistant to unholy torment.
You are immune to petrification.


Message History

Unknown command.
Casting: Stone Arrow (safe; 1% risk of failure)
Confirm with . or Enter, or press ? or * to list all spells.
Aiming: Stone Arrow (safe; 1% risk of failure)
Press: ? - help, Shift-Dir - straight line, f/p - tyrant leech
Aim: a tyrant leech (heavily wounded, 63% to hit)
The stone arrow misses the tyrant leech.
Unknown command.
Unknown command.
Casting: Stone Arrow (safe; 1% risk of failure)
Confirm with . or Enter, or press ? or * to list all spells.
Aiming: Sandblast (safe; 0% risk of failure)
Press: ? - help, Shift-Dir - straight line, f/p - tyrant leech
Aim: a tyrant leech (heavily wounded, 76% to hit)
The blast of sand hits the tyrant leech!
The tyrant leech is severely wounded.
The tyrant leech bites you!
Unknown command.
Unknown command.
Casting: Sandblast (safe; 0% risk of failure)
Confirm with . or Enter, or press ? or * to list all spells.
Aiming: Sandblast (safe; 0% risk of failure)
Press: ? - help, Shift-Dir - straight line, f/p - tyrant leech
Aim: a tyrant leech (heavily wounded, 76% to hit)
The blast of sand hits the tyrant leech!
The tyrant leech is severely wounded.
The tyrant leech bites you!!
Unknown command.
Unknown command.
Casting: Sandblast (safe; 0% risk of failure)
Confirm with . or Enter, or press ? or * to list all spells.
Aiming: Sandblast (safe; 0% risk of failure)
Press: ? - help, Shift-Dir - straight line, f/p - tyrant leech
Aim: a tyrant leech (severely wounded, 76% to hit)
The blast of sand hits the tyrant leech!
The tyrant leech is almost dead.
The tyrant leech bites you!
* * * LOW HITPOINT WARNING * * *
The tyrant leech bites you!!
You die...

♣.....♣♣♣♣~~~........~~~.
♣.≈≈≈≈'♣♣'♣≈≈≈≈≈≈≈≈≈≈≈≈♣♣
+.....#.~♣♣♣♣♣♣♣♣♣♣♣♣♣♣♣♣
♣♣♣♣♣♣#..♣♣ ♣ ###'♣
♣♣♣♣.# ♣...## ♣♣.## ♣.@#
♣♣w# ♣.# ..w ####


You could see 2 tyrant leeches.

Vanquished Creatures
  Erolcha (D)
  A deep elf pyromancer (D)
  2 cane toads (D)
  A rime drake (D)
  A komodo dragon (D)
  3 wandering mushrooms (D)
  A shadow (D)
  3 redbacks (D)
  A spatial vortex (D)
  A swamp drake (D)
  5 two-headed ogres (D)
  A water elemental (D)
  A necrophage (D)
  A scorpion (D)
  A jelly (D)
  Jessica (D)
  A wizard (D)
  A necromancer (D)
  3 humans (D)
  A kobold demonologist (D)
  2 endoplasms (D)
  A rat (D)
34 creatures vanquished.

Vanquished Creatures (others)
  2 plants (D)
2 creatures vanquished.

Grand Total: 36 creatures vanquished

Notes
Turn   | Place    | Note
-------+----------+-------------------------------------------
     0 | D        | mhtbhm the Gargoyle Earth Elementalist began the quest for
                  | the Orb.
     0 | D        | Reached XP level 1. HP: 10/10 MP: 3/3
     8 | D        | Reached skill level 4 in Earth Magic
    53 | D        | Noticed Jessica
    58 | D        | Killed Jessica
    59 | D        | Reached skill level 6 in Earth Magic
    59 | D        | Reached XP level 2. HP: 15/15 MP: 1/6
    59 | D        | Reached XP level 3. HP: 19/19 MP: 1/8
   232 | D        | Learned a level 2 spell: Passwall
   236 | D        | Learned a level 3 spell: Stone Arrow
   263 | D        | Noticed a scorpion
   269 | D        | Killed a scorpion
   270 | D        | Reached skill level 1 in Transmutations
   270 | D        | Reached skill level 7 in Earth Magic
   270 | D        | Reached XP level 4. HP: 24/24 MP: 6/10
   275 | D        | Reached skill level 8 in Earth Magic
   461 | D        | Learned a level 4 spell: Petrify
   466 | D        | Noticed a water elemental
   471 | D        | Killed a water elemental
   472 | D        | Reached skill level 5 in Spellcasting
   472 | D        | Reached skill level 9 in Earth Magic
   472 | D        | Reached XP level 5. HP: 20/28 MP: 1/13
   638 | D        | Found a radiant altar of Vehumet.
   639 | D        | Found a shimmering blue altar of Sif Muna.
   639 | D        | Found an ancient bone altar of Kikubaaqudgha.
   641 | D        | Reached skill level 10 in Earth Magic
   648 | D        | Became a worshipper of Vehumet
   667 | D        | Found a basalt altar of Yredelemnul.
   667 | D        | Found a shadowy altar of Dithmenos.
   667 | D        | Found a sacrificial altar of Ru.
   669 | D        | Reached XP level 6. HP: 33/33 MP: 13/15
   673 | D        | Reached skill level 11 in Earth Magic
   717 | D        | Found a glowing silver altar of Zin.
   717 | D        | Found a glowing golden altar of the Shining One.
   717 | D        | Found a white marble altar of Elyvilon.
   717 | D        | Noticed a deep elf pyromancer
   721 | D        | Killed a deep elf pyromancer
   721 | D        | Reached * piety under Vehumet
   721 | D        | Offered knowledge of Magic Dart by Vehumet.
   722 | D        | Reached skill level 1 in Fighting
   722 | D        | Reached skill level 5 in Stealth
   722 | D        | Reached skill level 1 in Conjurations
   722 | D        | Reached skill level 13 in Earth Magic
   722 | D        | Reached XP level 7. HP: 38/38 MP: 7/19
   793 | D        | Found a hide-covered altar of Uskayaw.
   793 | D        | Found an iron altar of Okawaru.
   793 | D        | Found a bloodstained altar of Trog.
   793 | D        | Found an ornate altar of the Wu Jian Council.
   793 | D        | Noticed a human
   793 | D        | Noticed a human
   800 | D        | Killed a human
   801 | D        | Reached skill level 14 in Earth Magic
   801 | D        | Reached XP level 8. HP: 38/43 MP: 7/21
   806 | D        | Reached skill level 10 in Spellcasting
   906 | D        | Noticed a shadow
   907 | D        | Reached ** piety under Vehumet
   907 | D        | Offered knowledge of Freeze by Vehumet.
   910 | D        | Killed a shadow
   911 | D        | Reached skill level 15 in Earth Magic
  1076 | D        | Found a blossoming altar of Fedhas.
  1076 | D        | Found a stormy altar of Qazlal.
  1076 | D        | Found a snail-covered altar of Cheibriados.
  1076 | D        | Found a burning altar of Makhleb.
  1076 | D        | Found a shimmering altar of Xom.
  1077 | D        | Found a hazy altar of Hepliaklqana.
  1077 | D        | Found an opulent altar of Gozag.
  1077 | D        | Found a sparkling altar of Nemelex Xobeh.
  1077 | D        | Found a corrupted altar of Lugonu.
  1077 | D        | Found a viscous altar of Jiyva.
  1080 | D        | Offered knowledge of Dazzling Flash by Vehumet.
  1105 | D        | Reached *** piety under Vehumet
  1316 | D        | Noticed a two-headed ogre
  1320 | D        | Killed a two-headed ogre
  1320 | D        | Offered knowledge of Iskenderun's Mystic Blast by Vehumet.
  1321 | D        | Reached skill level 16 in Earth Magic
  1321 | D        | Reached XP level 9. HP: 29/48 MP: 17/24
  1424 | D        | Noticed Erolcha
  1424 | D        | Noticed a two-headed ogre
  1430 | D        | Killed Erolcha
  1431 | D        | Reached skill level 17 in Earth Magic
  1431 | D        | HP: 1/48 [two-headed ogre/+0 giant club (16)]
  1445 | D        | Killed a two-headed ogre
  1445 | D        | Reached **** piety under Vehumet
  1729 | D        | Offered knowledge of Freezing Cloud by Vehumet.
  1824 | D        | Noticed a wandering mushroom
  1828 | D        | Noticed a wandering mushroom
  1832 | D        | Killed a wandering mushroom
  1834 | D        | Noticed a wandering mushroom
  1839 | D        | Killed a wandering mushroom
  1839 | D        | Reached ***** piety under Vehumet
  1840 | D        | Reached skill level 1 in Evocations
  1840 | D        | Reached XP level 10. HP: 54/54 MP: 11/27
  1843 | D        | Reached skill level 18 in Earth Magic
  1938 | D        | Noticed a cane toad
  1938 | D        | Noticed a cane toad
  1971 | D        | Offered knowledge of Iron Shot by Vehumet.
  1972 | D        | Reached skill level 5 in Dodging
  2258 | D        | Killed a cane toad
  2261 | D        | Killed a cane toad
  2677 | D        | Demolished by a tyrant leech

Illustrated notes

Levels and vault maps discovered:
D:        dungeon_sprint_mu [sprint_mu_entry_cave, sprint_mu_temple_rooms,
          sprint_mu_d1_spiders, sprint_mu_d2_genie, sprint_mu_d3_branching,
          sprint_mu_orc_legion, sprint_mu_elf_gauntlet, sprint_mu_hive_nellie,
          sprint_mu_lair_fedhas, sprint_mu_vaults_butterflies,
          sprint_mu_slime_circle, sprint_mu_swamp_cave, sprint_mu_shoals_kraken,
          sprint_mu_blade_basic, sprint_mu_crypt_lich, sprint_mu_tomb_spiral,
          sprint_mu_vestibule_basic, sprint_mu_gehenna_hellfire,
          sprint_mu_dis_giant, sprint_mu_tartarus_statrot,
          sprint_mu_cocytus_islands, sprint_mu_zot1]

Skill      XL: |  1  2  3  4  5  6  7  8  9 10 |
---------------+-------------------------------+-----
Earth Magic    | 6 7 9 10 13 14 16 17 18 | 18.8
Dodging        | 2 3 4 5 |  5.2
Spellcasting   | 3 4 5 6 9 11 13 14 | 14.6
Stealth        | 3 4 5 |  5.6
Transmutations | 1 2 3 |  3.3
Fighting       | 1 2 |  2.9
Conjurations   | 1 2 3 4 |  4.6
Evocations     | 1 |  1.3

Action                   |  1- 3 |  4- 6 |  7- 9 | 10-12 || total
-------------------------+-------+-------+-------+-------++-------
 Cast: Sandblast         |     8 |    17 |    37 |    20 ||    82
       Passwall          |     1 |       |       |       ||     1
       Stone Arrow       |       |     4 |    16 |     8 ||    28
       Petrify           |       |       |     4 |     5 ||     9
Evoke: Piece from Xom's  |       |       |     3 |       ||     3
  Use: Scroll            |     2 |       |       |     1 ||     3
       Potion            |       |       |     1 |     2 ||     3
Armor: Skin              |     1 |       |       |       ||     1
       Robe              |       |     1 |     3 |     4 ||     8
Dodge: Dodged            |       |     7 |    15 |    13 ||    35

Table legend: (Time is in decaauts)
 A = Elapsed time spent in this place.
 B = Non-inter-level travel time spent in this place.
 C = Inter-level travel time spent in this place.
 D = Time resting spent in this place.
 E = Time spent auto-exploring this place.
 F = Levels seen in this place.
 G = Mean time per level.
                   A        B        C        D        E       F      G
               +--------+--------+--------+--------+--------+-----+--------+
         Total |   2708 |   2708 |      0 |   2161 |     52 |   1 | 2708.0 |
       Dungeon |   2708 |   2708 |      0 |   2161 |     52 |   1 | 2708.0 |
               +--------+--------+--------+--------+--------+-----+--------+

Top non-repeatable levels by time:
       D: 2708 daAuts
